 Dungeon Crawl Stone Soup version 0.20.1-1-g8b1a95d (webtiles) character file.

6861 Monsterracer the Frost Mage (level 10, -3/83 HPs)
             Began as a Demigod Ice Elementalist on Aug 17, 2017.
             Shot with an arrow by a centaur (10 damage)
             ... on level 8 of the Dungeon.
             The game lasted 00:29:10 (11715 turns).

Monsterracer the Frost Mage (DgIE)                 Turns: 11715, Time: 00:29:10

Health: -3/83      AC:  6    Str: 13    XL:     10   Next: 49%
Magic:  18/19      EV: 15    Int: 23    God:
Gold:   133        SH:  5    Dex: 16    Spells: 3/17 levels left

rFire    . . .     SeeInvis .   a - +0 trident
rCold    . . .     Gourm    .   g - +0 buckler
rNeg     . . .     Faith    .   c - +0 robe
rPois    +         Spirit   .   p - +1 helmet
rElec    .         Reflect  .   (no cloak)
rCorr    .         Harm     .   d - +0 pair of gloves
MR       +....     Clarity  +   r - +0 pair of boots
Stlth    +++.......             y - amulet of magic regeneration
Regen    0.3/turn               l - ring of stealth
MPRegen  0.3/turn               n - ring of poison resistance

@: no status effects
A: clarity, high mp 1
a: no special abilities


You were on level 8 of the Dungeon.
You were hungry.

You visited 1 branch of the dungeon, and saw 8 of its levels.
You also visited: Sewer.

You collected 431 gold pieces.
You spent 298 gold pieces at shops.

Inventory:

Hand Weapons
 a - a +0 trident (weapon)
Armour
 b - a cursed -2 ring mail
 c - a +0 robe (worn)
 d - a +0 pair of gloves (worn)
 g - a +0 buckler (worn)
 p - a +1 helmet (worn)
 r - a +0 pair of boots (worn)
Jewellery
 l - a ring of stealth (left hand)
 n - a ring of poison resistance (right hand)
 y - an amulet of magic regeneration (around neck)
 C - an uncursed ring of fire
Wands
 A - a wand of polymorph (0/24)
Scrolls
 h - 3 scrolls of recharging
 k - a scroll of amnesia
 m - 3 scrolls of fear
 q - a scroll of remove curse
 s - 2 scrolls of blinking
 w - a scroll of teleportation {unknown}
 D - a scroll of fog
Potions
 e - 8 potions of curing
 f - a potion of mutation
 o - a potion of ambrosia
 t - a potion of might
 u - 2 potions of resistance
 v - 2 potions of haste
 z - 2 potions of agility {unknown}
Comestibles
 i - 9 meat rations
 j - 9 royal jellies
 x - 6 bread rations
 B - 13 fruits


   Skills:
 + Level 5.9 Fighting
 * Level 5.1 Polearms
 + Level 5.7 Dodging
 - Level 1.7 Stealth
 + Level 2.9 Shields
 - Level 4.0 Spellcasting
 - Level 2.7 Conjurations
 - Level 3.1 Charms
 - Level 3.1 Summonings
 * Level 9.3 Ice Magic


You had 3 spell levels left.
You knew the following spells:

 Your Spells              Type           Power        Failure   Level  Hunger
a - Freeze                Ice            ####         1%          1    None
b - Throw Frost           Conj/Ice       ####..       1%          2    #......
c - Throw Icicle          Conj/Ice       ####....     10%         4    ####...
d - Summon Ice Beast      Ice/Summ       ####....     9%          4    ####...
e - Ozocubu's Armour      Chrm/Ice       ####....     2%          3    ##.....


Dungeon Overview and Level Annotations

Branches:
Dungeon (8/15)             Temple (0/1) D:6
   Lair: D:8-11

Shops:
D:4 :*=   D:7 [


Innate Abilities, Weirdness & Mutations

You have an increased reservoir of magic. (+10% MP)
You possess an exceptional clarity of mind.


Message History

You freeze the two-headed ogre.
The two-headed ogre is moderately wounded.
The two-headed ogre hits you with a dire flail!
* * * LOW HITPOINT WARNING * * *
The two-headed ogre hits you with a giant spiked club!!
* * * LOW HITPOINT WARNING * * *
Huge Dmg: -30%(-25hp) hp: 21%(17hp)
The two-headed ogre misses you. You block the two-headed ogre's attack.
There is an open door here.
Your icy armour starts to melt.
The centaur unwields the +8 demon blade "Bloodbane" {slice, *Rage +Rage Stlth-}.
The centaur wields a shortbow.
The centaur shoots an arrow.
The arrow hits you but does no damage. The wyvern bites you!
* * * LOW HITPOINT WARNING * * *
Huge Dmg: -18%(-15hp) hp: 8%(6hp)
Your icy armour evaporates.
Unknown command.
The centaur shoots an arrow.
The arrow hits you!
You die...

#.#.#..##.##..#....#(##l#..##.# #
#.#.#..##.##..#..##..##Z##.##.# #
#.#.#.##.#.##....##.##...#..#.# #
#.#.#.##.#.##Z......# ...##.#.# #
..#..##.###.##.#...##.##[.#...# #
..#..##.#.#.##c..#.# . }.##..# #
#.#.##.##.##.##.O##### ####..#
#.#.##.#[.)#.##.l.# ##.#
##.##.###)###.##@## #.#
.#.##.........##.# #.###
.#############).## #....
.############################....
.................................
..####.######################....
.## #.# ##... .# #.#
############.# ## ##.##
#.............


You could see a two-headed ogre, a wyvern, a centaur and a bullfrog zombie.

Vanquished Creatures
  A hydra (D:8)
  A two-headed ogre (D:8)
  A tengu warrior (D:8)
  A cyclops (D:8)
  A black mamba (D:4)
  A yaktaur (D:5)
  The ghost of Elmdore the Firebug, an amateur OgFE (D:5)
  A dream sheep (D:8)
  A blink frog (D:8)
  A hippogriff (D:8)
  A yak (D:8)
  A sky beast (D:6)
  An orc warrior (D:3)
  5 ogres
  A phantom (D:7)
  2 centaurs
  Blork the orc (D:5)
  5 big kobolds
  3 bullfrogs
  5 killer bees
  A howler monkey (D:7)
  A crimson imp (D:8)
  3 hounds
  2 jellies
  5 orc priests
  A centaur skeleton (D:6)
  6 orc wizards
  A bullfrog skeleton (D:4)
  Jessica (D:2)
  3 worker ants
  2 iguanas (D:7)
  A hound zombie (D:7)
  A hound skeleton (D:4)
  2 worker ant zombies
  Robin (D:2)
  5 adders
  7 river rats (Sewer)
  A shadow imp (D:6)
  3 oozes (D:1)
  A worm (D:1)
  A dart slug (D:1)
  9 leopard geckos
  16 orcs
  2 ball pythons
  9 giant cockroaches
  10 goblins
  8 hobgoblins
  23 jackals
  22 kobolds
  5 quokkas
  4 bats
  10 frilled lizards
  A leopard gecko skeleton (D:4)
  A leopard gecko zombie (D:8)
  13 rats
217 creatures vanquished.

Vanquished Creatures (collateral kills)
  A two-headed ogre (D:8)
  A dream sheep (D:8)
  A yak (D:8)
  A worker ant (D:8)
4 creatures vanquished.

Vanquished Creatures (others)
  A human (D:8)
1 creature vanquished.

Grand Total: 222 creatures vanquished

Notes
Turn   | Place    | Note
-------+----------+-------------------------------------------
     0 | D:1      | Monsterracer the Demigod Ice Elementalist began the quest for the Orb.
     0 | D:1      | Reached XP level 1. HP: 14/14 MP: 5/5
    89 | D:1      | Reached skill level 3 in Ice Magic
   265 | D:1      | Reached XP level 2. HP: 22/22 MP: 1/7
   269 | D:1      | Learned a level 2 spell: Throw Frost
   922 | D:1      | Reached XP level 3. HP: 23/27 MP: 7/9
   924 | D:1      | Reached skill level 1 in Fighting
   933 | D:1      | Learned a level 3 spell: Ozocubu's Armour
  1231 | D:2      | Noticed Jessica
  1241 | D:2      | HP: 13/28 [worm (7)]
  1446 | D:2      | Killed Jessica
  1579 | D:2      | Reached XP level 4. HP: 24/35 MP: 3/10
  1682 | D:2      | Found a shattered altar of Ashenzari.
  1960 | D:2      | Noticed Robin
  1969 | D:2      | Reached skill level 4 in Ice Magic
  2164 | D:2      | Found a shimmering altar of Xom.
  2267 | D:2      | Found a snail-covered altar of Cheibriados.
  2267 | D:2      | Found a sparkling altar of Nemelex Xobeh.
  2359 | D:2      | Killed Robin
  2509 | D:2      | Found a blossoming altar of Fedhas.
  2509 | D:2      | Found a radiant altar of Vehumet.
  2510 | D:2      | Found a deep blue altar of Sif Muna.
  2638 | D:3      | Noticed a centaur
  2646 | D:3      | Killed a centaur
  2646 | D:3      | Reached XP level 5. HP: 36/41 MP: 7/12
  2652 | D:3      | Learned a level 4 spell: Summon Ice Beast
  2788 | D:3      | Found a glowing drain.
  2792 | Sewer    | Entered a sewer
  3549 | D:3      | Found a bloodstained altar of Trog.
  3549 | D:3      | Found an opulent altar of Gozag.
  4009 | D:4      | HP: 15/41 [orc priest/nerve-wracking pain (11)]
  4012 | D:4      | Reached XP level 6. HP: 18/49 MP: 5/13
  4392 | D:4      | HP: 17/50 [ogre/giant club (11)]
  4394 | D:4      | Reached skill level 1 in Polearms
  4394 | D:4      | Reached skill level 1 in Summonings
  4394 | D:4      | Reached skill level 5 in Ice Magic
  4796 | D:4      | Reached XP level 7. HP: 40/56 MP: 15/15
  5010 | D:4      | Found Ireozoac's General Store.
  5020 | D:4      | Bought a scroll of identify for 24 gold pieces
  5132 | D:4      | Found Boyrixt's Book Boutique.
  5169 | D:4      | You fall through a shaft for 3 floors!
  5264 | D:5      | Entered Level 5 of the Dungeon
  5618 | D:4      | Found Riuqotul's Jewellery Boutique.
  5621 | D:4      | Bought an uncursed ring of poison resistance for 220 gold pieces
  5676 | D:4      | HP: 27/57 [ice beast (12)]
  5686 | D:4      | Noticed a rime drake
  5686 | D:4      | an ice beast changed into a rime drake
  5686 | D:4      | HP: 21/57 [rime drake (8)]
  5687 | D:4      | Noticed a black mamba
  5687 | D:4      | a rime drake changed into a black mamba
  5692 | D:4      | HP: 6/57 [black mamba (7)]
  5693 | D:4      | Killed a black mamba
  5693 | D:4      | Reached skill level 6 in Ice Magic
  5693 | D:4      | Reached XP level 8. HP: 6/63 MP: 9/17
  5993 | D:5      | Learned a level 4 spell: Throw Icicle
  6130 | D:5      | Noticed Blork the orc
  6137 | D:5      | Killed Blork the orc
  6223 | D:5      | Noticed a yaktaur
  6223 | D:5      | an ice beast changed into a yaktaur
  6235 | D:5      | Killed a yaktaur
  6235 | D:5      | Reached skill level 1 in Charms
  6286 | D:5      | Noticed Elmdore's ghost (amateur OgFE)
  6296 | D:5      | Killed Elmdore's ghost
  6296 | D:5      | Reached skill level 7 in Ice Magic
  6820 | D:6      | Found a staircase to the Ecumenical Temple.
  6854 | D:6      | Gained mutation: You possess an exceptional clarity of mind. [mutagenic meat]
  7499 | D:7      | Reached skill level 1 in Conjurations
  7678 | D:7      | HP: 28/67 [killer bee (7)]
  7884 | D:7      | Reached XP level 9. HP: 71/72 MP: 15/18
  7945 | D:7      | Found a shadowy altar of Dithmenos.
  8148 | D:7      | Found Vinida's Armour Emporium.
  8531 | D:7      | Found a glowing silver altar of Zin.
  8531 | D:7      | Noticed an angel
  8593 | D:7      | Bought a +0 pair of gloves for 54 gold pieces
  8690 | D:8      | Noticed a two-headed ogre
  8698 | D:8      | Killed a two-headed ogre
  8698 | D:8      | Reached skill level 8 in Ice Magic
  9158 | D:8      | Found an ancient bone altar of Kikubaaqudgha.
  9275 | D:8      | Reached skill level 5 in Fighting
  9324 | D:8      | Noticed a tengu warrior
  9324 | D:8      | Noticed a cyclops
  9345 | D:8      | Killed a tengu warrior
  9345 | D:8      | Reached skill level 5 in Dodging
  9345 | D:8      | Reached skill level 1 in Shields
  9359 | D:8      | HP: 33/74 [cyclops (7)]
  9360 | D:8      | Killed a cyclops
  9694 | D:8      | Reached XP level 10. HP: 55/81 MP: 13/19
  9696 | D:8      | HP: 34/81 [orc priest/mace (7)]
  9909 | D:8      | Noticed a two-headed ogre
  9926 | D:8      | HP: 30/81 [two-headed ogre/enchanted dire flail (13)]
  9928 | D:8      | Killed a two-headed ogre
 10437 | D:8      | HP: 40/82 [yak (5)]
 10491 | D:8      | HP: 38/82 [yak (13)]
 10494 | D:8      | HP: 16/82 [yak (13)]
 10498 | D:8      | Reached skill level 9 in Ice Magic
 10767 | D:8      | Noticed a three-headed hydra
 10777 | D:8      | HP: 40/83 [three-headed hydra (15)]
 10782 | D:8      | HP: 30/83 [three-headed hydra (11)]
 10790 | D:8      | HP: 20/83 [three-headed hydra (11)]
 10791 | D:8      | HP: 7/83 [three-headed hydra (4)]
 10791 | D:8      | HP: 1/83 [three-headed hydra (6)]
 10792 | D:8      | Killed a three-headed hydra
 10792 | D:8      | Reached skill level 5 in Polearms
 11681 | D:8      | Noticed a two-headed ogre
 11696 | D:8      | HP: 35/83 [two-headed ogre/dire flail (7)]
 11696 | D:8      | HP: 17/83 [two-headed ogre/dire flail (18)]
 11713 | D:8      | HP: 6/83 [wyvern (15)]
 11715 | D:8      | Shot with an arrow by a centaur

Skill      XL: |  1  2  3  4  5  6  7  8  9 10 |
---------------+-------------------------------+-----
Ice Magic      | 3 4 5 6 7 8 9 |  9.3
Spellcasting   | 2 3 4 |  4.0
Fighting       | 1 2 3 4 5 |  5.9
Dodging        | 2 3 4 5 |  5.7
Polearms       | 1 3 5 |  5.1
Summonings     | 1 2 3 |  3.1
Charms         | 2 3 |  3.1
Conjurations   | 1 2 |  2.7
Shields        | 1 2 |  2.9
Stealth        | |  1.7

Action                   |  1- 3 |  4- 6 |  7- 9 | 10-12 || total
-------------------------+-------+-------+-------+-------++-------
Melee: Unarmed           |     6 |       |       |       ||     6
       Whip              |    17 |    11 |    39 |       ||    67
       Short sword       |       |    57 |       |       ||    57
       Spear             |       |    33 |       |       ||    33
       Dagger            |       |     2 |   151 |     7 ||   160
       Trident           |       |       |    39 |    70 ||   109
 Cast: Freeze            |    62 |    86 |   142 |    48 ||   338
       Throw Frost       |     2 |    10 |    19 |     2 ||    33
       Ozocubu's Armour  |     1 |     2 |    10 |     4 ||    17
       Summon Ice Beast  |       |       |     2 |     5 ||     7
Evoke: Wand              |       |       |     6 |       ||     6
  Use: Scroll            |       |    10 |     6 |       ||    16
 Stab: Sleeping          |       |    11 |     9 |     5 ||    25
       Distracted        |       |       |       |     1 ||     1
  Eat: Chunk             |     3 |    10 |    12 |     6 ||    31
       Fruit             |       |       |     1 |     1 ||     2
       Meat ration       |       |       |     1 |       ||     1
Armor: Robe              |    15 |    27 |    94 |    17 ||   153
Dodge: Dodged            |    47 |   110 |   264 |    67 ||   488
Block: Buckler           |       |       |       |     6 ||     6
